 Dungeon Crawl Stone Soup version 0.29.0-4-gdea44cf6ec (webtiles) character file.

Game seed: 7612018014915806365

157 qw the Chopper (level 5, -4/30 HPs)
             Began as a Tengu Warper on Aug 28, 2022.
             Blown up by Ijyb (12 damage)
             ... with a mindburst bolt
             ... on level 3 of the Dungeon.
             The game lasted 00:00:19 (3097 turns).

qw the Chopper (Tengu Warper)                       Turns: 3097, Time: 00:00:19

Health: -4/30      AC:  9    Str: 18      XL:     5   Next: 38%
Magic:  9/9        EV:  9    Int: 11 (12) God:
Gold:   142        SH:  0    Dex: 11 (12) Spells: 8/8 levels left

rFire   . . .      SeeInvis .   Y - +0 war axe
rCold   . . .      Faith    .   (no shield)
rNeg    . . .      Spirit   .   q - +0 chain mail
rPois   .          Reflect  .   (helmet restricted)
rElec   .          Harm     .   (no cloak)
rCorr   .          Rampage  .   e - +0 pair of gloves
Will    .....                   (boots unavailable)
Stlth   ..........              (no amulet)
HPRegen 0.10/turn               (no ring)
MPRegen 0.11/turn               (no ring)

@: flying quickly and evasively, quick
A: beak, talons 3, nimble flight, screaming 1, strong 1
a: no special abilities


You were on level 3 of the Dungeon.
You visited 1 branch of the dungeon, and saw 3 of its levels.

You collected 142 gold pieces.


Innate Abilities, Weirdness & Mutations

You have a beak for a mouth.
You have claws for feet.
Your magical nature lets you fly swiftly and evasively.
You occasionally shout uncontrollably at your foes.
Your muscles are strong. (Str +4, Int/Dex -1)


   Skills:
 - Level 2.0 Fighting
 + Level 5.7 Axes
 - Level 1.0 Throwing
 - Level 2.0 Armour
 - Level 2.1 Dodging
 - Level 2.0 Spellcasting
 - Level 2.4 Translocations


You had 8 spell levels left.
You didn't know any spells.
Your spell library contained the following spells:

 Spells                   Type           Power      Damage    Failure   Level
 Blink                    Tloc           12%        N/A       93%         2
 Gell's Gravitas          Tloc           6%         N/A       99%         3
 Lesser Beckoning         Tloc           6%         N/A       99%         3
 Teleport Other           Tloc           6%         N/A       99%         3
 Manifold Assault         Tloc           6%         N/A       100%        5

Inventory:

Hand Weapons
 f - a +0 whip
 Y - a +0 war axe (weapon)
Armour
 e - a +0 pair of gloves (worn)
 l - the +7 ring mail "Dykoe" {Harm rPois}
   (You found it on level 3 of the Dungeon)

   rPois:     It protects you from poison.
   Harm:      It increases damage dealt and taken.
 q - a +0 chain mail (worn)
Jewellery
 k - a ring of ice
Scrolls
 c - a scroll of identify
Potions
 h - a potion of curing
 i - a potion of mutation
 n - a potion of attraction {unknown}
 p - a potion of flight {unknown}

Dungeon Overview and Level Annotations

Branches:
Dungeon (3/15)

Altars:

Annotations:
D:3 Ijyb


Message History

Waypoint 2 re-assigned from D:1 to D:3.
Enter note:
Enter note:
Enter note:
Enter note:
Enter note:
Enter note:
Enter note:
Enter note:
Enter note:
Enter note:
Enter note:
Enter note:
Enter note:
Enter note: Ijyb barely misses you.
You hit Ijyb. Your peck misses Ijyb.
Ijyb is moderately wounded.
Ijyb misses you.
You hit Ijyb but do no damage. Your kick misses Ijyb. You peck Ijyb.
Ijyb is heavily wounded.
Ijyb hits you but does no damage.
You barely miss Ijyb.
Ijyb is heavily wounded.
Ijyb hits you with a +4 dagger of flaming.
Ijyb burns you.
Ijyb zaps a wand.
Your mind is blasted!
You closely miss Ijyb. Your kick misses Ijyb.
Ijyb is heavily wounded.
Ijyb zaps a wand.
Your mind is blasted!
You closely miss Ijyb. You claw Ijyb. You peck Ijyb.
Ijyb is heavily wounded.
Ijyb hits you with a +4 dagger of flaming.
Ijyb burns you.
You slash Ijyb!
Ijyb is almost dead.
Ijyb zaps a wand.
Your mind is blasted!
You closely miss Ijyb. Your peck misses Ijyb.
Ijyb is almost dead.
Ijyb zaps a wand.
Your mind is blasted!
You die...

..###.....###.....##
...#...(...#.......#
...#.......#.......#
...#.......#.......#
..###.....###.....########## .##
##...## ##...##........##
#######'#######[##..........#####
....g..........)................#
...............g@..<............#
................................#
#######'#######)##....).........#
.## ##...## ##...##.).).........#
..###.....###.....##..).........#
...#.......#.......#............#
...#.......#.......##############
...#...)...#.......#
..###.....###.....##


You could see Ijyb.

Vanquished Creatures
  An iguana (D:3)
  3 gnolls (D:3)
  4 adders
  A dart slug (D:2)
  5 orcs (D:3)
  A bat (D:1)
  10 endoplasms
  4 giant cockroaches
  8 hobgoblins
  2 jackals (D:1)
  3 quokkas
  7 ball pythons
  A frilled lizard (D:2)
  3 goblins
  2 kobolds
  3 rats
58 creatures vanquished.

Notes
Turn   | Place    | Note
-------+----------+-------------------------------------------
     0 | D:1      | qw the Tengu Warper began the quest for the Orb.
     0 | D:1      | Reached XP level 1. HP: 12/12 MP: 4/4
     0 | D:1      | 0 ||| qw: Version: 0.1-a-89-g26bdef1
     0 | D:1      | 0 ||| qw: Game counter: 1358
     0 | D:1      | 0 ||| qw: Always use a shield: true
     0 | D:1      | 0 ||| qw: God list: Okawaru
     0 | D:1      | 0 ||| qw: Allow faded altars: false
     0 | D:1      | 0 ||| qw: Do Orc after D:15 true
     0 | D:1      | 0 ||| qw: Do second Lair branch before Depths: true
     0 | D:1      | 0 ||| qw: Lair rune preference: random
     0 | D:1      | 0 ||| qw: Plans: Normal
     0 | D:1      | 0 ||| PLANNING D:1-11
    37 | D:1      | HP: 3/12 [frozen (4)]
   453 | D:1      | Reached XP level 2. HP: 17/17 MP: 6/6
   459 | D:1      | Reached skill level 3 in Axes
   579 | D:1      | Found a faded altar of an unknown god.
  1184 | D:1      | Reached XP level 3. HP: 21/21 MP: 7/7
  1245 | D:1      | 1245 ||| UPGRADING to +0 pair of gloves.
  1250 | D:1      | 1250 ||| UPGRADING to +0 chain mail.
  1260 | D:1      | 1260 ||| DROPPING +0 leather armour.
  1261 | D:1      | 1261 ||| READING scroll labelled GAEDUA ENLU.
  1262 | D:1      | 1262 ||| READING scroll labelled XASITS DIAFUFI.
  1265 | D:1      | 1265 ||| READING scroll labelled BEATROJILO.
  1266 | D:1      | 1266 ||| READING scroll labelled WURUGO JYIHUALAFYR.
  1267 | D:1      | 1267 ||| READING scroll labelled GUJUOR DAJAGH.
  1382 | D:1      | 1382 ||| DRINKING 2 fuming blue potions.
  1382 | D:1      | Gained mutation: You occasionally shout uncontrollably at
                  | your foes. [potion of mutation]
  1382 | D:1      | Gained mutation: Your muscles are strong. (Str +4, Int/Dex
                  | -1) [potion of mutation]
  1383 | D:1      | 1383 ||| DROPPING scroll of blinking.
  1483 | D:2      | Reached skill level 4 in Axes
  1555 | D:2      | 1555 ||| Stepping ~*~*~tactically~*~*~ (stealth).
  1556 | D:2      | 1556 ||| Stepping ~*~*~tactically~*~*~ (stealth).
  1630 | D:2      | 1630 ||| Stepping ~*~*~tactically~*~*~ (stealth).
  1642 | D:2      | 1642 ||| Stepping ~*~*~tactically~*~*~ (stealth).
  1644 | D:2      | 1644 ||| Stepping ~*~*~tactically~*~*~ (stealth).
  1645 | D:2      | 1645 ||| Stepping ~*~*~tactically~*~*~ (stealth).
  1650 | D:2      | Reached XP level 4. HP: 26/26 MP: 8/8
  1651 | D:2      | 1651 ||| Stepping ~*~*~tactically~*~*~ (stealth).
  1652 | D:2      | 1652 ||| Stepping ~*~*~tactically~*~*~ (stealth).
  1653 | D:2      | 1653 ||| Stepping ~*~*~tactically~*~*~ (stealth).
  1654 | D:2      | 1654 ||| Stepping ~*~*~tactically~*~*~ (stealth).
  1655 | D:2      | 1655 ||| Stepping ~*~*~tactically~*~*~ (stealth).
  1656 | D:2      | 1656 ||| Stepping ~*~*~tactically~*~*~ (stealth).
  1657 | D:2      | 1657 ||| Stepping ~*~*~tactically~*~*~ (stealth).
  1658 | D:2      | 1658 ||| Stepping ~*~*~tactically~*~*~ (stealth).
  1659 | D:2      | 1659 ||| Stepping ~*~*~tactically~*~*~ (stealth).
  2181 | D:2      | 2181 ||| READING scroll labelled TAOVEU HAESI.
  2182 | D:2      | 2182 ||| READING scroll labelled ZOCUURR TEETT.
  2183 | D:2      | 2183 ||| DRINKING 3 purple potions.
  2184 | D:2      | 2184 ||| DRINKING 4 fizzy green potions.
  2185 | D:2      | 2185 ||| READING 2 scrolls of identify.
  2185 | D:2      | 2185 ||| IDENTIFYING black potion
  2186 | D:2      | 2186 ||| DROPPING potion of brilliance.
  2187 | D:2      | 2187 ||| DROPPING 3 potions of degeneration.
  2223 | D:3      | Reached skill level 5 in Axes
  2427 | D:3      | 2427 ||| SWAPPING to +0 war axe.
  2486 | D:3      | 2486 ||| DROPPING +0 spectral hand axe.
  2511 | D:3      | Gained mutation: Your magical nature lets you fly swiftly
                  | and evasively. [Tengu growth]
  2511 | D:3      | Reached XP level 5. HP: 30/30 MP: 9/9
  2572 | D:3      | Identified the +7 ring mail "Dykoe" {Harm rPois}
  2587 | D:3      | Noticed Ijyb
  2596 | D:3      | 2596 ||| Stepping ~*~*~tactically~*~*~ (stealth).
  2598 | D:3      | HP: 6/30 [Ijyb/+4 dagger of flaming (2)]
  2599 | D:3      | 2599 ||| READING scroll of teleportation.
  2600 | D:3      | 2600 ||| DRINKING 2 potions of heal wounds.
  2602 | D:3      | 2602 ||| DRINKING potion of heal wounds.
  2814 | D:3      | 2814 ||| Stepping ~*~*~tactically~*~*~ (stealth).
  2816 | D:3      | 2816 ||| Stepping ~*~*~tactically~*~*~ (hiding).
  2942 | D:3      | 2942 ||| FLEEEEING.
  2953 | D:3      | 2953 ||| FLEEEEING.
  2964 | D:3      | 2964 ||| FLEEEEING.
  2972 | D:3      | 2972 ||| STAIRDANCE
  2997 | D:2      | 2997 ||| FLEEEEING.
  2998 | D:2      | 2998 ||| FLEEEEING.
  2999 | D:2      | 2999 ||| FLEEEEING.
  3003 | D:2      | 3003 ||| FLEEEEING.
  3004 | D:2      | 3004 ||| STAIRDANCE
  3070 | D:1      | 3070 ||| READING 2 scrolls labelled JUAKIV IFATOGGUSCH.
  3071 | D:1      | 3071 ||| DRINKING 2 silvery potions.
  3072 | D:1      | 3072 ||| READING 2 scrolls of identify.
  3072 | D:1      | 3072 ||| IDENTIFYING murky clear potion
  3073 | D:1      | 3073 ||| DROPPING scroll of butterflies.
  3074 | D:1      | 3074 ||| DROPPING potion of lignification.
  3096 | D:3      | HP: 7/30 [disintegration (13)]
  3097 | D:3      | Blown up by Ijyb

Levels and vault maps discovered:
D:1:      psy_arrival_basics, layout_basic,
          shapermc_ecumenical_altar_mp_vishouse, dreamdust_mushroom_princess,
          minmay_misc_feat_enclosed
D:2:      layout_loops_ring, st_stairs_10
D:3:      kennysheep_six_static_rooms, layout_rooms,
          mainiacjoe_overflow_catwalk, uniq_ijyb

Skill      XL: |  1  2  3  4 |
---------------+-------------+-----
Axes           | 3 4 5 |  5.7
Armour         | 2 |  2.0
Fighting       | |  2.0
Throwing       | |  1.0
Dodging        | |  2.1
Spellcasting   | |  2.0
Translocations | |  2.4

Action                   |  1- 3 |  4- 6 || total
-------------------------+-------+-------++-------
Melee: Hand axe          |    73 |    15 ||    88
       Kick              |    17 |    10 ||    27
       Peck              |     7 |    10 ||    17
       Punch             |     1 |     1 ||     2
       War axe           |       |    48 ||    48
Throw: Boomerang         |     7 |       ||     7
  Use: Scroll            |     5 |     6 ||    11
       Potion            |     1 |     5 ||     6
Armor: Leather armour    |     6 |       ||     6
       Chain mail        |    16 |    17 ||    33
Dodge: Dodged            |    17 |    18 ||    35

Table legend:
 A = Non-vault XP
 B = Vault XP
 C = Vault XP percentage of total XP
 D = Non-vault monster count
 E = Vault monster count
 F = Vault count percentage of total count
                 A         B        C        D         E       F
            +---------+---------+-------+---------+---------+-------
      Total |     197 |      28 |  12.4 |      50 |       8 |  13.8
            +---------+---------+-------+---------+---------+-------
        D:1 |      36 |       0 |   0.0 |      20 |       0 |   0.0
        D:2 |      52 |      15 |  22.4 |      17 |       2 |  10.5
        D:3 |     109 |      13 |  10.7 |      13 |       6 |  31.6
            +---------+---------+-------+---------+---------+-------
